 Dungeon Crawl Stone Soup version 0.29-a0-620-g13ace881f2 (webtiles) character file.

Game seed: 2265837845511883707

567 happo123 the Caller (level 7, -2/57 HPs)
             Began as a Hill Orc Summoner on June 19, 2022.
             Slain by Pikel
             ... wielding a +0 whip of freezing
              (3 damage)
             ... on level 5 of the Dungeon.
             The game lasted 00:25:57 (3510 turns).

happo123 the Caller (Hill Orc Summoner)             Turns: 3510, Time: 00:25:59

Health: -2/57      AC:  3    Str: 11    XL:     7   Next: 33%
Magic:  3/11       EV: 11    Int: 20    God:
Gold:   248        SH:  8    Dex: 17    Spells: 8/12 levels left

rFire   . . .      SeeInvis .   v - +0 hand axe
rCold   . . .      Faith    .   y - +0 kite shield
rNeg    . . .      Spirit   .   s - +0 robe "Seseseje" {Int+3}
rPois   .          Reflect  .   u - +1 hat
rElec   .          Harm     .   (no cloak)
rCorr   +          Rampage  .   (no gloves)
Will    .....                   (no boots)
Stlth   ++........              i - amulet of regeneration
HPRegen 0.99/turn               n - ring of resist corrosion
MPRegen 0.12/turn               o - +6 ring of dexterity

@: no status effects
A: no striking features
a: no special abilities


You were on level 5 of the Dungeon.
You visited 1 branch of the dungeon, and saw 5 of its levels.

You collected 276 gold pieces.
You spent 28 gold pieces at shops.

Inventory:

Hand Weapons
 v - a +0 hand axe (weapon)
 A - a +0 hand crossbow
Armour
 a - a +0 robe
 q - a +0 buckler
 r - a +0 helmet
 s - the +0 robe "Seseseje" (worn) {Int+3}
   (You found it on level 3 of the Dungeon)

   Int:       It affects your intelligence (+3).
 u - a +1 hat (worn)
 y - a +0 kite shield (worn)
Jewellery
 i - an amulet of regeneration (around neck)
 n - a ring of resist corrosion (left hand)
 o - a +6 ring of dexterity (right hand)
 w - a ring of positive energy
Wands
 z - a wand of iceblast (6)
Scrolls
 d - 2 scrolls of teleportation
 e - a scroll of poison {unknown}
 g - 2 scrolls of amnesia {unknown}
 l - a scroll of identify
 m - a scroll of blinking {unknown}
Potions
 b - a potion of magic
 c - a potion of might {unknown}
 f - 2 potions of lignification {unknown}
 h - 2 potions of flight {unknown}
 j - a potion of attraction {unknown}
 k - 2 potions of heal wounds {unknown}
 p - 2 potions of curing {unknown}
 t - a potion of resistance {unknown}
 x - a potion of ambrosia {unknown}
 B - a potion of brilliance {unknown}


   Skills:
 + Level 3.0 Fighting
 + Level 2.0 Axes
 + Level 1.6 Armour
 + Level 2.5 Dodging
 - Level 1.5 Stealth
 + Level 1.7 Shields
 * Level 3.2 Spellcasting
 + Level 1.9 Hexes
 * Level 5.4 Summonings


You had 8 spell levels left.
You knew the following spells:

 Your Spells              Type           Power      Damage    Failure   Level
a - Summon Small Mammal   Summ           100%       N/A       4%          1
b - Call Canine Familiar  Summ           25%        N/A       14%         3

Your spell library contained the following spells:

 Spells                   Type           Power      Damage    Failure   Level
 Call Imp                 Summ           25%        N/A       8%          2
 Summon Guardian Golem    Hex/Summ       18%        N/A       30%         3
 Summon Lightning Spire   Summ/Air       14%        N/A       83%         4


Dungeon Overview and Level Annotations

Branches:
Dungeon (5/15)
 Temple: D:4-7

Altars:
Fedhas
Zin

Shops:
D:3 ?

Annotations:
D:5 Pikel


Message History

Your hound dies!
Your hound's corpse disappears in a puff of smoke!
Your magical contamination has completely faded away.
Casting: Call Canine Familiar (dangerous; 14% risk of failure)
Confirm with . or Enter, or press ? or * to list all spells.
You don't have enough magic to cast this spell.
Pikel hits you with a +0 whip of freezing!
Pikel freezes you.
You hit Pikel but do no damage.
Pikel is lightly wounded.
Pikel barely misses you.
Pikel says, "You'll make a fine lemure."
Pikel barely misses you.
You hit Pikel but do no damage.
Pikel is lightly wounded.
You block Pikel's attack.
You barely miss Pikel.
Pikel is lightly wounded.
Pikel misses you.
Pikel hits you with a +0 whip of freezing.
Pikel freezes you.
You hit Pikel but do no damage.
Pikel is lightly wounded.
Pikel hits you with a +0 whip of freezing.
* * * LOW HITPOINT WARNING * * *
Pikel freezes you.
* * * LOW HITPOINT WARNING * * *
You closely miss Pikel.
Pikel is lightly wounded.
Pikel hits you with a +0 whip of freezing.
* * * LOW HITPOINT WARNING * * *
Pikel freezes you.
* * * LOW HITPOINT WARNING * * *
You closely miss Pikel.
Pikel is lightly wounded.
You block Pikel's attack.
Pikel hits you with a +0 whip of freezing!
* * * LOW HITPOINT WARNING * * *
Pikel freezes you.
You die...

######### #...>...# ######
#.#####.# ###....# #.# #.#
.†.....# #.# #@# ##.....#
#.# #K###########
#.....###.# #5#..#......#
##.....'...# #5#..#.####.#
#......#########S...#.# #.#
#.#.|..##......#....†.# #.#
#.##'####.####......######.#
#^##.# #..................#
#.##.# ######......########


You could see Pikel, 2 lemures and an adder.

Vanquished Creatures
  A jelly (D:5)
  A gnoll (D:4)
  3 adders
  A dart slug (D:4)
  4 ball pythons (D:4)
  3 endoplasms
  2 giant cockroaches (D:4)
  A hobgoblin (D:4)
  A kobold (D:4)
  4 quokkas
  A frilled lizard (D:1)
  A goblin (D:3)
  A rat (D:2)
24 creatures vanquished.

Vanquished Creatures (collateral kills)
  Sigmund (D:4)
  2 scorpions (D:5)
  A hound (D:3)
  Ijyb (D:4)
  An orc wizard (D:3)
  2 gnolls (D:4)
  5 adders
  A dart slug (D:2)
  2 orcs (D:3)
  4 endoplasms
  2 giant cockroaches (D:1)
  5 goblins
  2 hobgoblins
  3 quokkas
  3 ball pythons
  2 bats (D:1)
  2 kobolds (D:3)
  4 rats
43 creatures vanquished.

Vanquished Creatures (others)
  5 toadstools (D:1)
5 creatures vanquished.

Grand Total: 72 creatures vanquished

Notes
Turn   | Place    | Note
-------+----------+-------------------------------------------
     0 | D:1      | happo123 the Hill Orc Summoner began the quest for the Orb.
     0 | D:1      | Reached XP level 1. HP: 14/14 MP: 3/3
   136 | D:1      | Reached XP level 2. HP: 6/22 MP: 2/4
   893 | D:1      | Reached skill level 1 in Fighting
  1225 | D:2      | Reached XP level 3. HP: 14/28 MP: 3/6
  1277 | D:2      | Learned a level 3 spell: Call Canine Familiar
  1734 | D:3      | Reached XP level 4. HP: 35/35 MP: 2/7
  1999 | D:3      | Identified the +0 robe "Seseseje" {Int+3}
  2161 | D:3      | Reached XP level 5. HP: 41/41 MP: 5/8
  2275 | D:3      | Found a glowing silver altar of Zin.
  2335 | D:3      | Reached skill level 1 in Hexes
  2389 | D:3      | Found Wexim's Magic Scroll Shoppe.
  2397 | D:3      | Bought a scroll of identify for 28 gold pieces
  2676 | D:4      | Noticed Sigmund
  2711 | D:4      | Killed Sigmund
  2712 | D:4      | Reached skill level 1 in Axes
  2712 | D:4      | Reached skill level 1 in Armour
  2712 | D:4      | Reached skill level 1 in Shields
  2712 | D:4      | Reached skill level 5 in Summonings
  2712 | D:4      | Reached XP level 6. HP: 37/50 MP: 3/10
  2939 | D:4      | Found a blossoming altar of Fedhas.
  2939 | D:4      | Noticed Ijyb
  2985 | D:4      | Killed Ijyb
  3265 | D:5      | Entered Level 5 of the Dungeon
  3265 | D:5      | Noticed Pikel
  3368 | D:5      | Reached XP level 7. HP: 28/56 MP: 8/11
  3510 | D:5      | HP: 1/57 [Pikel/+0 whip of freezing (11)]
  3510 | D:5      | Slain by Pikel

Illustrated notes

Levels and vault maps discovered:
D:1:      ldierk_walled_garden, layout_basic
D:2:      layout_rooms
D:3:      layout_basic, zin_statuary, serial_shops, shop, kennysheep_doodads
D:4:      layout_loops_ring, fedhas_altar_2, minmay_misc_feat_more_columns,
          chequers_serial_rivers_small_a, minmay_misc_feat_alley, uniq_sigmund,
          uniq_ijyb
D:5:      layout_basic, mainiacjoe_overflow_alcove_4, uniq_pikel

Skill      XL: |  1  2  3  4  5  6  7 |
---------------+----------------------+-----
Fighting       | 1 2 3 |  3.0
Spellcasting   | 2 3 |  3.2
Dodging        | 2 |  2.5
Hexes          | 1 |  1.9
Axes           | 1 2 |  2.0
Armour         | 1 |  1.6
Shields        | 1 |  1.7
Summonings     | 5 |  5.4
Stealth        | |  1.5

Action                   |  1- 3 |  4- 6 |  7- 9 || total
-------------------------+-------+-------+-------++-------
Melee: Unarmed           |    43 |     7 |       ||    50
       Hand axe          |       |    82 |    19 ||   101
 Cast: Summon Small Mamm |    40 |    10 |     2 ||    52
       Call Canine Famil |     5 |    14 |     3 ||    22
  Use: Scroll            |       |     1 |       ||     1
 Stab: Sleeping          |       |     1 |       ||     1
       Distracted        |       |     2 |       ||     2
Armor: Robe              |     7 |    19 |     2 ||    28
Dodge: Dodged            |    44 |    56 |    10 ||   110
Block: Buckler           |       |     4 |       ||     4
       Kite shield       |       |    25 |     7 ||    32

Table legend: (Time is in decaauts)
 A = Elapsed time spent in this place.
 B = Non-inter-level travel time spent in this place.
 C = Inter-level travel time spent in this place.
 D = Time resting spent in this place.
 E = Time spent auto-exploring this place.
 F = Levels seen in this place.
 G = Mean time per level.
                   A        B        C        D        E       F      G
               +--------+--------+--------+--------+--------+-----+--------+
         Total |   3548 |   2329 |   1219 |    460 |    879 |   5 |  709.6 |
       Dungeon |   3548 |   2329 |   1219 |    460 |    879 |   5 |  709.6 |
               +--------+--------+--------+--------+--------+-----+--------+

Top non-repeatable levels by time:
     D:1: 1188 daAuts
     D:3: 888 daAuts
     D:4: 696 daAuts
     D:2: 530 daAuts
     D:5: 244 daAuts
